 Dungeon Crawl Stone Soup version 0.21.1-1-g345015fe64 (webtiles) character file.

88 Ivernyr the Shield-Bearer (level 4, -3/36 HPs)
             Began as a Human Fighter on Apr 7, 2018.
             Slain by a river rat (5 damage)
             ... on level 2 of the Dungeon.
             The game lasted 00:08:07 (2835 turns).

Ivernyr the Shield-Bearer (Human Fighter)           Turns: 2835, Time: 00:08:08

Health: -3/36      AC:  6    Str: 17    XL:     4   Next: 82%
Magic:  4/4        EV:  7    Int:  8    God:
Gold:   66         SH:  9    Dex: 13    Spells: 3/3 levels left

rFire    . . .     SeeInvis .   a - +0 trident
rCold    . . .     Gourm    .   c - +0 shield
rNeg     . . .     Faith    .   b - +0 scale mail
rPois    .         Spirit   .   (no helmet)
rElec    .         Reflect  .   (no cloak)
rCorr    .         Harm     .   (no gloves)
MR       .....                  (no boots)
Stlth    ..........             (no amulet)
HPRegen  0.12/turn              (no ring)
MPRegen  0.09/turn              (no ring)

@: no status effects
A: no striking features
a: no special abilities


You were on level 2 of the Dungeon.
You were not hungry.

You visited 1 branch of the dungeon, and saw 3 of its levels.

You collected 66 gold pieces.

Inventory:

Hand Weapons
 a - a +0 trident (weapon)
Armour
 b - a +0 scale mail (worn)
 c - a +0 shield (worn)
Scrolls
 g - 2 scrolls of immolation {unknown}
 h - a scroll of fear {unknown}
 i - 3 scrolls of remove curse
 j - 4 scrolls of identify {unknown}
 m - a scroll of amnesia {unknown}
 n - a scroll of fog {unknown}
 o - a scroll of teleportation {unknown}
 p - a scroll of magic mapping {unknown}
Potions
 d - a potion of might
 e - a potion of curing {unknown}
 k - a potion of brilliance {unknown}
 l - a potion of agility {unknown}
Comestibles
 f - 5 rations


   Skills:
 + Level 3.6 Fighting
 - Level 2.0 Polearms
 + Level 3.6 Armour
 * Level 4.2 Shields


You had 3 spell levels left.
You didn't know any spells.

Dungeon Overview and Level Annotations

Branches:
Dungeon (3/15)

Altars:

Annotations:
D:3 Grinder


Message History

The river rat bites you.
* * * LOW HITPOINT WARNING * * *
You climb upwards.
There is a stone staircase leading down here.
Your scale mail prevents you from hitting the river rat.
The river rat is moderately wounded.
You block the river rat's attack.
Your shield and scale mail prevent you from hitting the river rat.
The river rat is moderately wounded.
The river rat bites you.
* * * LOW HITPOINT WARNING * * *
You block the river rat's attack.
You hit the river rat.
The river rat is heavily wounded.
The river rat bites you.
* * * LOW HITPOINT WARNING * * *
You closely miss the river rat.
The river rat is heavily wounded.
The river rat bites you.
You die...

#.##........# #.#####.#########.
#.##........###.#......[........
#..'........'.#.#.###.#########.
####........#.#.#.....# ###.
#........#.#.#####.# #####...
##........#.#.......# #.......
##..>......#.#######'###.......
##..........#.####.....##.(.....
#.PP♣...#####..@r>.....##.......
#P♣♣PPP.# ######.....##.......
#.P♣P...# #.....##.......
#..P....# #.....##.......
##P....## #......'....<♣♣
####### #####'#####....♣♣P
#.....# #.##♣♣♣P #.##### #.# ♣P.
#.# #.# ♣..


You could see a river rat.

Vanquished Creatures
  An adder (D:2)
  2 oozes (D:1)
  5 worms
  2 dart slugs (D:1)
  A leopard gecko (D:2)
  2 orcs (D:2)
  A goblin (D:1)
  6 hobgoblins (D:1)
  7 jackals
  2 quokkas (D:2)
  A ball python (D:1)
  4 bats
  4 frilled lizards
  5 kobolds
  10 rats
53 creatures vanquished.

Notes
Turn   | Place    | Note
-------+----------+-------------------------------------------
     0 | D:1      | Ivernyr the Human Fighter began the quest for the Orb.
     0 | D:1      | Reached XP level 1. HP: 18/18 MP: 1/1
    54 | D:1      | Reached XP level 2. HP: 24/24 MP: 2/2
   479 | D:1      | Reached XP level 3. HP: 29/29 MP: 3/3
  1722 | D:2      | Reached XP level 4. HP: 31/35 MP: 4/4
  1992 | D:2      | Reached skill level 4 in Shields
  2788 | D:3      | Noticed Grinder
  2835 | D:2      | Slain by a river rat

Skill      XL: |  1  2  3  4 |
---------------+-------------+-----
Shields        | 4 |  4.2
Fighting       | |  3.6
Polearms       | |  2.0
Armour         | |  3.6

Action                   |  1- 3 |  4- 6 || total
-------------------------+-------+-------++-------
Melee: Trident           |   129 |    93 ||   222
  Use: Scroll            |       |     1 ||     1
  Eat: Chunk             |     2 |     4 ||     6
Armor: Scale mail        |    38 |    38 ||    76
Dodge: Dodged            |    18 |    32 ||    50
Block: Shield            |    48 |    48 ||    96
